AoeStats
← JPSL

Arabia

508971274Analyzed
1v1 RM · 9d ago on Sep 24, 2026· 28m 50s· 2 players
Game mode
Random Map
Map size
Tiny (2 player)
Population
200
Speed
Normal
Resources
Standard
Victory
Conquest
Starting age
Dark Age
Ending age
Imperial Age
RankedLock teamsTeams togetherTeam positionsShared explorationLock speedFull tech treeHidden civsTurbo modeCheats
Victory
Defeat
🇦🇷 Lithuanians · Argentina
1362
+16
🇦🇷 Magyars · Argentina
1355
-16
Marta
5:59 Loom
8:29 Feudal Age
9:51 Double-Bit Axe
11:53 Town Watch
21:05 Castle Age
19:27 Horse Collar
21:35 Bloodlines
22:46 Padded Archer Armor
22:37 Fletching
23:24 Padded Archer Armor
23:21 Bodkin Arrow
26:18 Bow Saw
28:53 Ballistics
JPSL
6:19 Loom
8:49 Feudal Age
9:55 Double-Bit Axe
10:37 Horse Collar
20:14 Castle Age
19:03 Scale Barding Armor
19:45 Bloodlines
19:30 Gold Mining
20:42 Wheelbarrow
20:49 Forging
21:27 Pikeman
22:54 Husbandry
24:36 Iron Casting
26:03 Chain Barding Armor
27:01 Bow Saw
28:11 Town Watch
Connection lost

Rejoining the realm…

Still unreachable

The connection could not be restored.

Session expired

The server has moved on; the page needs a fresh start.